 Dungeon Crawl Stone Soup version 0.23.2-1-ga50397a (webtiles) character file.

Game seed: 4768772413173162211

4547 dvd the Thaumaturge (level 10, -25/71 HPs)
             Began as a Mummy Necromancer on May 2, 2019.
             Was a Follower of Ashenzari.
             Killed by dispel undead
             ... invoked by Josephine
              (30 damage)
             ... on level 9 of the Dungeon.
             The game lasted 00:29:22 (10899 turns).

dvd the Thaumaturge (Mummy Necromancer)            Turns: 10899, Time: 00:29:23

Health: -25/71     AC: 11    Str: 13    XL:     10   Next: 17%
Magic:  13/24      EV: 28    Int: 17    God:    Ashenzari [*.....]
Gold:   518        SH:  0    Dex: 12    Spells: 18/29 levels left

rFire    x . .     SeeInvis .   e - +4 hand axe (chop) (curse)
rCold    + . .     Gourm    .   (no shield)
rNeg     + + +     Faith    .   D - +1 leather armour {MR+}
rPois    ∞         Spirit   .   d - +0 helmet
rElec    .         Reflect  .   a - +1 cloak
rCorr    +         Harm     .   w - +2 pair of gloves (curse)
MR       ++...                  i - +0 pair of boots
Stlth    ++........             q - amulet of the acrobat
HPRegen  0.21/turn              s - ring of positive energy (curse)
MPRegen  0.19/turn              t - ring of resist corrosion

@: acrobat, very slightly contaminated
A: no food or potions, fire vulnerability, cold resistance 1, negative energy
resistance 3, torment resistance, unbreathing
a: Curse Item, Scrying, Renounce Religion


You were on level 9 of the Dungeon.
You worshipped Ashenzari.
Ashenzari was aware of your devotion.
You were not hungry.

You visited 2 branches of the dungeon, and saw 11 of its levels.
You also visited: Sewer and Ossuary.

You collected 518 gold pieces.

Inventory:

Hand Weapons
 e - a cursed +4 hand axe of chopping (weapon)
 o - a +0 long sword
 r - a +0 rapier
 u - a +1 dagger of speed
 B - a +0 quarterstaff of crushing
 C - a +2 dagger of venom
 F - a +0 battleaxe of chopping
Armour
 a - a +1 cloak (worn)
 d - a +0 helmet (worn)
 i - a +0 pair of boots (worn)
 w - a cursed +2 pair of gloves (worn)
 D - a +1 leather armour of magic resistance (worn)
 E - a +0 buckler
Jewellery
 q - an amulet of the acrobat (around neck)
 s - a cursed ring of positive energy (left hand)
 t - a ring of resist corrosion (right hand)
Wands
 c - a wand of paralysis (2)
 f - a wand of iceblast (17)
 n - a wand of random effects (28)
 p - a wand of polymorph (2)
 x - a wand of flame (20)
Scrolls
 b - 4 scrolls of remove curse
 g - 4 scrolls of fear
 h - 2 scrolls of amnesia
 k - 6 scrolls of identify
 l - 4 scrolls of immolation
 m - 3 scrolls of blinking
 v - 2 scrolls of magic mapping


   Skills:
 + Level 3.8 Fighting
 + Level 0.5(1.3) Short Blades
 + Level 1.8(1.9) Long Blades
 + Level 3.6 Axes
 + Level 1.6 Armour
 + Level 4.0 Dodging
 + Level 3.8 Stealth
 + Level 1.4 Shields
 + Level 10.0 Spellcasting
 + Level 9.0 Necromancy
 + Level 0.3 Evocations


You had 18 spell levels left.
You knew the following spells:

 Your Spells              Type           Power        Failure   Level  Hunger
a - Pain                  Necr           ####         1%          1    N/A
b - Vampiric Draining     Necr           #####.....   1%          3    N/A
c - Animate Dead          Necr           N/A          2%          4    N/A
d - Confuse               Hex            #.......     32%         3    N/A

Your spell library contained the following spells:

 Spells                   Type           Power        Failure   Level  Hunger
 Animate Skeleton         Necr           N/A          1%          1    N/A
 Confusing Touch          Hex            #.....       11%         1    N/A
 Gell's Gravitas          Tloc           #.........   32%         3    N/A
 Petrify                  Tmut/Erth      #.......     71%         4    N/A
 Metabolic Englaciation   Hex/Ice        #.........   96%         5    N/A
 Yara's Violent Unravell  Hex/Tmut       #.........   96%         5    N/A
 Regeneration             Chrm/Necr      Unusable     N/A         3    N/A

Dungeon Overview and Level Annotations

Branches:
Dungeon (10/15)            Temple (1/1) D:5
   Lair: D:8-11         Orc: D:9-12

Altars:
Ashenzari
Cheibriados
Dithmenos
Elyvilon
Fedhas
Gozag
Hepliaklqana
Kikubaaqudgha
Makhleb
Nemelex Xobeh
Okawaru
Qazlal
Ru
Sif Muna
Trog
Uskayaw
Vehumet
Wu Jian
Xom
Yredelemnul
Zin
The Shining One

Shops:
D:7 *

Annotations:
D:9 Josephine
D:10 Psyche


Innate Abilities, Weirdness & Mutations

You do not eat or drink.
Your flesh is vulnerable to fire.
You are immune to poison.
Your flesh is cold resistant. (rC+)
You are immune to negative energy. (rN+++)
You are immune to unholy pain and torment.
You can survive without breathing.


Message History

You see here a scroll labeled TIPTEIG KUIGYD.
Psyche miscasts a cantrip.
You open the door.
There is an open door here.
Psyche gestures wildly while chanting.
Psyche seems to speed up.
Psyche laughs secretively.
Psyche mumbles some strange words.
Psyche flickers and vanishes!
Deactivating autopickup; reactivate with Ctrl-A.
There is a stone staircase leading up here.
Josephine says, "How about some decapitation?"
Josephine closely misses you.
You climb upwards.
Reactivating autopickup.
There is a stone staircase leading down here.
Unknown command.
Josephine points at you and mumbles some strange words.
You convulse!
You die...

# #.(##.#.######.##..# #.# #
#..#.###.......##..####.## #
#.(##.#.#########........## #
#####)(###..#####..ZZ.........###
#.......##........###.########...
#.#..(......####### #.# #[.#
........###.# #.# #..# (...###.#
#.#########.# ####..# #.### #.#
#.....@.@.>.# #.....# #.#####.#
#.###############....!.
.)ZZ....###.# #...!........#
#.........#.# #.######.....#
#..####.#.#.# #.# #.###.# #?)#
#.#.#.# #.######.###.# #..##
#.#.#.# #.......#....# ....#
#.#.#.# #.######.#####
)...###.#.#.# #.# #.#


You could see Josephine.

Vanquished Creatures
  Maurice (D:9)
  Joseph (D:8)
  4 hippogriffs
  3 yaks
  2 hungry ghosts
  An ice beast (D:5)
  A black bear (D:8)
  3 sky beasts
  An orc warrior (D:9)
  A phantom (D:7)
  3 centaurs
  A crocodile (D:5)
  3 big kobolds
  4 bullfrogs
  A scorpion (D:9)
  3 crimson imps
  A bullfrog zombie (D:7)
  2 hounds
  3 orc priests (D:9)
  2 bullfrog skeletons (D:8)
  2 orc wizards (D:9)
  3 worker ants
  A killer bee zombie (D:9)
  2 hound zombies
  7 gnolls
  2 river rats
  6 adders
  4 shadow imps
  An ooze (D:2)
  An adder zombie (D:4)
  3 worms
  A dart slug (D:1)
  8 leopard geckos
  12 orcs
  10 giant cockroaches
  8 goblins
  12 hobgoblins
  7 jackals
  6 quokkas
  A ball python (D:1)
  5 bats
  5 frilled lizards
  15 kobolds
  A leopard gecko skeleton (D:6)
  14 rats
178 creatures vanquished.

Vanquished Creatures (collateral kills)
  A yak (D:8)
  An eye of draining (D:9)
  An ogre (D:3)
  A crocodile (D:9)
4 creatures vanquished.

Grand Total: 182 creatures vanquished

Notes
Turn   | Place    | Note
-------+----------+-------------------------------------------
     0 | D:1      | dvd the Mummy Necromancer began the quest for the Orb.
     0 | D:1      | Reached XP level 1. HP: 13/13 MP: 4/4
   220 | D:1      | Reached XP level 2. HP: 19/19 MP: 1/5
   340 | D:1      | Reached skill level 3 in Spellcasting
   886 | D:1      | Reached XP level 3. HP: 24/24 MP: 3/7
   891 | D:1      | Learned a level 3 spell: Vampiric Draining
  2186 | D:2      | Reached skill level 5 in Necromancy
  2438 | D:2      | Reached XP level 4. HP: 30/30 MP: 7/9
  2444 | D:2      | Learned a level 4 spell: Animate Dead
  2853 | D:3      | Reached skill level 4 in Spellcasting
  2905 | D:3      | Noticed an ogre
  2911 | D:3      | Killed an ogre
  2911 | D:3      | Reached XP level 5. HP: 35/35 MP: 1/12
  3026 | D:3      | Found a bloodstained altar of Trog.
  3578 | D:4      | Found a sand-covered staircase.
  3584 | Ossuary  | Entered an ossuary
  3873 | D:4      | Reached skill level 5 in Spellcasting
  4530 | D:5      | Entered Level 5 of the Dungeon
  4578 | D:5      | Noticed an ice beast
  4595 | D:5      | Killed an ice beast
  4595 | D:5      | Reached XP level 6. HP: 23/42 MP: 3/14
  4804 | D:5      | Found a staircase to the Ecumenical Temple.
  4804 | D:5      | Noticed a sky beast
  4817 | D:5      | Killed a sky beast
  4817 | D:5      | Reached skill level 1 in Long Blades
  4836 | Temple   | Entered the Ecumenical Temple
  4923 | Temple   | Became a worshipper of Ashenzari the Shackled
  5122 | D:5      | Found a glowing drain.
  5159 | Sewer    | Entered a sewer
  5315 | Sewer    | Reached skill level 6 in Spellcasting
  5315 | Sewer    | Reached XP level 7. HP: 40/47 MP: 2/16
  5329 | Sewer    | Found a white marble altar of Elyvilon.
  5615 | D:5      | Reached skill level 1 in Fighting
  6096 | D:6      | Reached skill level 7 in Spellcasting
  6321 | D:7      | Found Keupteh's Assorted Antiques.
  6428 | D:7      | Found a basalt altar of Yredelemnul.
  6429 | D:7      | Found a stormy altar of Qazlal.
  6522 | D:7      | Reached * piety under Ashenzari
  6534 | D:7      | Found a hide-covered altar of Uskayaw.
  6534 | D:7      | Found a sacrificial altar of Ru.
  6534 | D:7      | Found an iron altar of Okawaru.
  6540 | D:7      | Found an ornate altar of the Wu Jian Council.
  6540 | D:7      | Found an ancient bone altar of Kikubaaqudgha.
  6541 | D:7      | Found a hazy altar of Hepliaklqana.
  6551 | D:7      | Reached XP level 8. HP: 23/54 MP: 11/18
  6749 | D:7      | Found a shadowy altar of Dithmenos.
  6776 | D:7      | Reached skill level 1 in Axes
  7077 | D:8      | Learned a level 3 spell: Confuse
  7098 | D:8      | Found a glowing golden altar of the Shining One.
  7099 | D:8      | Found a glowing silver altar of Zin.
  7104 | D:8      | Found a white marble altar of Elyvilon.
  7577 | D:8      | Noticed Joseph
  7602 | D:8      | Killed Joseph
  8104 | D:8      | Reached skill level 8 in Spellcasting
  8288 | D:9      | Noticed a hippogriff
  8302 | D:9      | Killed a hippogriff
  8302 | D:9      | Reached XP level 9. HP: 41/62 MP: 2/21
  9332 | D:8      | Reached skill level 1 in Armour
  9332 | D:8      | Reached skill level 9 in Spellcasting
  9378 | D:9      | Reached skill level 1 in Shields
 10177 | D:9      | Reached XP level 10. HP: 59/71 MP: 9/23
 10203 | D:9      | Noticed Maurice
 10273 | D:9      | Killed Maurice
 10658 | D:10     | Entered Level 10 of the Dungeon
 10763 | D:10     | Reached skill level 10 in Spellcasting
 10853 | D:10     | Noticed Psyche
 10853 | D:10     | Noticed Josephine
 10884 | D:10     | HP: 2/71 [Josephine/dispel undead (33)]
 10899 | D:9      | Killed from afar by Josephine

Skill      XL: |  1  2  3  4  5  6  7  8  9 10 |
---------------+-------------------------------+-----
Spellcasting   | 3 4 5 6 7 8 9 10 | 10.0
Necromancy     | 5 6 7 8 9 |  9.0
Stealth        | 2 3 |  3.8
Long Blades    | 1 |  1.8
Dodging        | 2 3 4 |  4.0
Fighting       | 1 2 3 |  3.8
Axes           | 2 3 |  3.6
Armour         | 1 |  1.6
Shields        | 1 |  1.4
Short Blades   | |  0.5
Evocations     | |  0.3

Action                   |  1- 3 |  4- 6 |  7- 9 | 10-12 || total
-------------------------+-------+-------+-------+-------++-------
Melee: Dagger            |     5 |       |       |       ||     5
       Short sword       |     2 |    12 |       |       ||    14
       Long sword        |       |    50 |    24 |       ||    74
       Hand axe          |       |       |   342 |    35 ||   377
 Cast: Pain              |    88 |    85 |    63 |     4 ||   240
       Vampiric Draining |     1 |    16 |    67 |    11 ||    95
       Animate Dead      |       |     2 |     7 |     2 ||    11
       Confuse           |       |       |     2 |       ||     2
Invok: Curse Item        |       |       |     2 |       ||     2
Evoke: Wand              |       |       |     3 |     6 ||     9
  Use: Scroll            |       |       |    12 |     1 ||    13
 Stab: Sleeping          |       |     4 |     3 |     1 ||     8
       Distracted        |       |       |     1 |       ||     1
       Paralysed         |       |       |       |    10 ||    10
Armor: Robe              |     6 |    25 |    85 |       ||   116
       Leather armour    |       |       |    49 |    21 ||    70
Dodge: Dodged            |    18 |    67 |   299 |    26 ||   410
Block: Buckler           |       |       |    42 |       ||    42
       Rpst.: Long sword |       |    12 |     8 |       ||    20
